 Dungeon Crawl Stone Soup version 0.29-a0-398-ge13fd1374b (webtiles) character file.

Game seed: 15284068399205706204

29 domi the Magician (level 3, -1/24 HPs)
             Began as a Demonspawn Hedge Wizard on May 12, 2022.
             Slain by a hobgoblin (3 damage)
             ... on level 3 of the Dungeon.
             The game lasted 00:01:31 (1334 turns).

domi the Magician (Demonspawn Hedge Wizard)         Turns: 1334, Time: 00:01:31

Health: -1/24      AC:  3    Str: 10    XL:     3   Next: 1%
Magic:  5/7        EV: 12    Int: 17    God:
Gold:   9          SH:  0    Dex: 12    Spells: 7/8 levels left

rFire   . . .      SeeInvis .   a - +0 dagger
rCold   . . .      Faith    .   (no shield)
rNeg    . . .      Spirit   .   b - +0 robe
rPois   .          Reflect  .   e - +0 helmet
rElec   .          Harm     .   (no cloak)
rCorr   .          Rampage  .   (no gloves)
Will    .....                   (no boots)
Stlth   ++........              (no amulet)
HPRegen 0.08/turn               (no ring)
MPRegen 0.10/turn               (no ring)

@: no status effects
A: powered by death 1, demonic touch 1
a: no special abilities


You were on level 3 of the Dungeon.
You visited 1 branch of the dungeon, and saw 3 of its levels.

You collected 9 gold pieces.

Inventory:

Hand Weapons
 a - a +0 dagger (weapon)
Armour
 b - a +0 robe (worn)
 c - a +0 hat
 e - a +0 helmet (worn)
   (You found it on level 1 of the Dungeon)
 l - a +0 pair of boots
   (You found it on level 1 of the Dungeon)
Scrolls
 h - a scroll of teleportation {unknown}
 i - 2 scrolls of identify {unknown}
 k - a scroll of fear {unknown}
Potions
 d - a potion of magic
 f - a potion of mutation {unknown}
 g - a potion of curing {unknown}
 j - a potion of heal wounds {unknown}


   Skills:
 - Level 1.7 Dodging
 - Level 1.7 Stealth
 - Level 3.0 Spellcasting
 + Level 3.0 Conjurations
 - Level 1.0 Summonings
 - Level 0.8 Translocations


You had 7 spell levels left.
You knew the following spells:

 Your Spells              Type           Power      Damage    Failure   Level
z - Magic Dart            Conj           48%        1d5       4%          1

Your spell library contained the following spells:

 Spells                   Type           Power      Damage    Failure   Level
 Slow                     Hex            8%         N/A       17%         1
 Call Imp                 Summ           5%         N/A       17%         2
 Blink                    Tloc           10%        N/A       19%         2
 Conjure Flame            Conj/Fire      7%         6-21      28%         3
 Mephitic Cloud           Conj/Pois/Air  6%         N/A       34%         3


Dungeon Overview and Level Annotations

Branches:
Dungeon (3/15)

Altars:

Shops:
D:1 !


Innate Abilities, Weirdness & Mutations

You regenerate a little health from kills.
Your touch may inflict minor irresistible damage on your foes.


Message History

Nothing appears to happen.
You now have 4/6 mp.
Aim: a hobgoblin (moderately wounded, 100% to hit)
The magic dart hits the hobgoblin.
You now have 3/6 mp.
Aim: a hobgoblin (almost dead, 100% to hit)
The magic dart hits the hobgoblin.
You kill the hobgoblin!
You now have 2/6 mp.
You can't see any susceptible monsters within range! (Use Z to cast anyway.)
You can't see any susceptible monsters within range! (Use Z to cast anyway.)
You start resting.
Your magical contamination has completely faded away.
An adder comes into view.
MP restored: 6 An adder is nearby!
An adder is nearby!
An adder is nearby!
Aim: an adder (asleep, 100% to hit)
The magic dart hits the adder.
The adder hisses angrily.
You now have 5/6 mp.
Aim: an adder (moderately wounded, 100% to hit)
The magic dart hits the adder.
The adder bites you.
You are poisoned.
The adder poisons you! The adder closely misses you.
You take 1 damage, and have 18/19 hp.
You now have 4/6 mp.
Aim: an adder (severely wounded, 100% to hit)
The magic dart hits the adder.
You feel sick. The adder bites you but does no damage.
You take 1 damage, and have 17/19 hp.
You now have 3/6 mp.
Aim: an adder (almost dead, 100% to hit)
The magic dart hits the adder.
You kill the adder!
You feel sick.
Your Conjurations skill increases to level 3!
You have reached level 3!
Your experience leads to an increase in your attributes!
Increase (s)trength, (i)ntelligence, or (d)exterity?
You feel clever. x2
You feel monstrous as your demonic heritage exerts itself.
Your demonic ancestry asserts itself...
Your hands begin to faintly glow with unholy energy.
You regained 5 hp, and now have 22/24 hp.
You now have 2/7 mp.
You feel sick.
You take 1 damage, and have 21/24 hp.
You feel sick.
You take 1 damage, and have 20/24 hp.
You feel sick.
You are no longer poisoned.
You take 1 damage, and have 19/24 hp.
There is a stone staircase leading down here.
You climb downwards.
There is a stone staircase leading up here.
The bat barely misses you. The bat barely misses you.
You hit the bat. The bat hits you but does no damage.
The bat closely misses you.
A hobgoblin comes into view.
The hobgoblin shouts!
The bat closely misses you. The bat barely misses you.
The bat attacks as you move away! The bat hits you but does no damage.
The bat closely misses you. The bat barely misses you.
The bat hits you but does no damage. The bat barely misses you.
The bat hits you but does no damage. The hobgoblin barely misses you.
The bat hits you. The bat hits you but does no damage. The hobgoblin hits you.
You take 3 damage, and have 17/24 hp.
The bat hits you but does no damage.
The hobgoblin hits you but does no damage.
The bat hits you but does no damage. The bat barely misses you.
The hobgoblin barely misses you. The hobgoblin barely misses you.
The bat closely misses you. The bat closely misses you. The bat hits you.
The bat closely misses you. The hobgoblin hits you.
You take 4 damage, and have 13/24 hp.
The bat closely misses you. The hobgoblin misses you. The hobgoblin hits you.
The bat barely misses you.
You take 2 damage, and have 11/24 hp.
The bat closely misses you. The hobgoblin barely misses you.
The bat misses you. The hobgoblin hits you.
You take 1 damage, and have 10/24 hp.
The bat closely misses you. The bat hits you but does no damage.
The hobgoblin hits you.
* * * LOW HITPOINT WARNING * * *
The bat barely misses you.
The hobgoblin hits you but does no damage.
The bat hits you.
* * * LOW HITPOINT WARNING * * *
The bat closely misses you. The hobgoblin hits you.
* * * LOW HITPOINT WARNING * * *
The bat hits you but does no damage. x2; The hobgoblin hits you.
* * * LOW HITPOINT WARNING * * *
You take 8 damage, and have 2/24 hp.
MASSIVE DAMAGE!!
Unknown command.
The bat closely misses you. The hobgoblin closely misses you.
The bat hits you but does no damage. The hobgoblin hits you.
You die...

## #####..
#<..#.# ###
###.#$##....
##b#....##.
#..@g......
#..####.###
#..# #..#
####


You could see a hobgoblin and a bat.

Vanquished Creatures
  An adder (D:2)
  An endoplasm (D:1)
  2 giant cockroaches (D:1)
  2 goblins (D:1)
  A hobgoblin (D:2)
  3 kobolds (D:1)
  2 quokkas (D:1)
  4 ball pythons (D:1)
  A bat (D:1)
  A frilled lizard (D:1)
  A rat (D:1)
19 creatures vanquished.

Notes
Turn   | Place    | Note
-------+----------+-------------------------------------------
     0 | D:1      | domi the Demonspawn Hedge Wizard began the quest for the
                  | Orb.
     0 | D:1      | Reached XP level 1. HP: 13/13 MP: 4/4
   197 | D:1      | HP: 3/13 [kobold/+0 dagger (2)]
   504 | D:1      | Reached skill level 2 in Conjurations
   520 | D:1      | Found Ephituh's Distillery.
   547 | D:1      | Gained mutation: You regenerate a little health from kills.
                  | [demonic ancestry]
   547 | D:1      | Reached XP level 2. HP: 19/19 MP: 0/6
   635 | D:1      | Found a faded altar of an unknown god.
  1302 | D:2      | Reached skill level 3 in Conjurations
  1302 | D:2      | Discovered your monstrous ancestry.
  1302 | D:2      | Gained mutation: Your touch may inflict minor irresistible
                  | damage on your foes. [demonic ancestry]
  1302 | D:2      | Reached XP level 3. HP: 22/24 MP: 2/7
  1329 | D:3      | HP: 6/24 [hobgoblin (4)]
  1332 | D:3      | HP: 2/24 [hobgoblin (1)]
  1334 | D:3      | Slain by a hobgoblin

Illustrated notes

Levels and vault maps discovered:
D:1:      roderic_chinese_lattice_arrival, layout_basic,
          hellmonk_ecumenical_altar_slurped_away, serial_shops, shop_fountains,
          minmay_pentomino_z2
D:2:      minmay_roachtagon, layout_basic, minmay_fractal_squares_gapless_5
D:3:      layout_basic, nzn_wu_jian_contemplation

Skill      XL: |  1  2 |
---------------+-------+-----
Conjurations   | 2 3 |  3.0
Dodging        | |  1.7
Stealth        | |  1.7
Spellcasting   | |  3.0
Summonings     | |  1.0
Translocations | |  0.8

Action                   || total
-------------------------++-------
Melee: Dagger            ||    14
 Cast: Magic Dart        ||    50
Armor: Robe              ||    19
Dodge: Dodged            ||    39

Table legend: (Time is in decaauts)
 A = Elapsed time spent in this place.
 B = Non-inter-level travel time spent in this place.
 C = Inter-level travel time spent in this place.
 D = Time resting spent in this place.
 E = Time spent auto-exploring this place.
 F = Levels seen in this place.
 G = Mean time per level.
                   A        B        C        D        E       F      G
               +--------+--------+--------+--------+--------+-----+--------+
         Total |   1333 |   1293 |     40 |    230 |    913 |   3 |  444.3 |
       Dungeon |   1333 |   1293 |     40 |    230 |    913 |   3 |  444.3 |
               +--------+--------+--------+--------+--------+-----+--------+

Top non-repeatable levels by time:
     D:1: 1255 daAuts
     D:2: 55 daAuts
     D:3: 22 daAuts

Table legend:
 A = Kills in this place as a percentage of kills in entire the game.
 B = Kills by you in this place as a percentage of kills by you in the entire game.
 C = Kills by friends in this place as a percentage of kills by friends in the entire game.
 D = Other kills in this place as a percentage of other kills in the entire game.
 E = Experience gained in this place as a percentage of experience gained in the entire game.
 F = Experience gained in this place divided by the number of levels of this place that you have seen.
                   A       B       C       D       E      F
               +-------+-------+-------+-------+-------+----------------------
         Total | 100.0 | 100.0 |   N/A |   N/A | 100.0 |  14.0
       Dungeon | 100.0 | 100.0 |   N/A |   N/A | 100.0 |  14.0
               +-------+-------+-------+-------+-------+----------------------
